 Dungeon Crawl Stone Soup version 0.31-a0-188-g5e087ee2ca (webtiles) character file.

Game seed: 17514677679035918145

414 qw the Skirmisher (level 6, -5/35 HPs)
             Began as a Deep Elf Hunter on June 23, 2023.
             Slain by an ogre
             ... wielding a +0 giant spiked club
              (14 damage)
             ... on level 4 of the Dungeon.
             The game lasted 00:01:18 (2597 turns).

qw the Skirmisher (Deep Elf Hunter)                 Turns: 2597, Time: 00:01:18

Health: -5/35      AC:  5    Str: 10    XL:     6   Next: 60%
Magic:  8/8        EV: 13    Int: 14    God:
Gold:   410        SH:  0    Dex: 18    Spells: 5/5 levels left

rFire   + + .        Y - +1 shortbow
rCold   + + .        (shield currently unavailable)
rNeg    . . .        a - +2 robe {rC+ rF+}
rPois   .            e - +1 hat
rElec   .            (no cloak)
rCorr   .            (no gloves)
SInv    .            (no boots)
Will    .....        (no amulet)
Stlth   ++           n - ring of protection from fire
HPRegen 0.25/turn    l - ring of protection from cold
MPRegen 0.11/turn

%: no passive effects
@: no status effects
A: no striking features
a: no special abilities


You were on level 4 of the Dungeon.
You visited 1 branch of the dungeon, and saw 4 of its levels.

You collected 1103 gold pieces.
You spent 693 gold pieces at shops.


   Skills:
 - Level 2.1 Fighting
 + Level 9.9 Ranged Weapons
 - Level 3.3 Dodging
 - Level 1.2 Stealth


You had 5 spell levels left.
You didn't know any spells.
Your spell library was empty.

Inventory:

Hand Weapons
 Y - a +1 shortbow (weapon)
Armour
 a - a +2 robe of resistance (worn)
 c - a +0 ring mail
 e - a +1 hat (worn)
Jewellery
 k - a ring of positive energy
 l - a ring of protection from cold (right hand)
 n - a ring of protection from fire (left hand)
Wands
 o - a wand of digging (11)
Scrolls
 d - a scroll of identify
 j - a scroll of summoning {unknown}
Potions
 b - a potion of mutation
 f - a potion of degeneration {unknown}
 g - a potion of haste {unknown}
 h - a potion of enlightenment {unknown}
 i - a potion of magic {unknown}
 p - a potion of heal wounds {unknown}
 r - a potion of curing {unknown}

Dungeon Overview and Level Annotations

Branches:
Dungeon (4/15)
 Temple: D:4-7

Altars:
Ru
Xom

Shops:
D:4 *

Annotations:
D:4 1 runed translucent door, qw's ghost, amateur DEHu


Message History

You kill the adder!
j - a scroll labelled CEREYLIDDE
Enter note:
Enter note:
Enter note:
Enter note:
Enter note:
Enter note:
Enter note:
Enter note:
Enter note: You open the door.
An endoplasm comes into view.
Enter note:
Enter note:
Enter note:
Enter note:
Enter note:
Enter note:
Enter note:
Enter note:
Enter note: You shoot an arrow.
The arrow hits the endoplasm.
The endoplasm quivers.
The endoplasm is moderately wounded.
You hear a shout!
An ogre comes into view. It is wielding a +0 giant spiked club.
You shoot an arrow. The arrow hits the ogre.
The ogre is lightly wounded.
You shoot an arrow. The arrow hits the ogre!
The ogre is heavily wounded.
The ogre hits you with a +0 giant spiked club!!
Ouch! That really hurt!
You shoot an arrow. The arrow completely misses the ogre.
The arrow hits the endoplasm.
The endoplasm is severely wounded.
You shoot an arrow. The arrow hits the ogre.
The ogre is heavily wounded.
The ogre hits you with a +0 giant spiked club!
You die...

#.#.#.#.#.#.#####.....
.#.#.#.#.#.#.#<.......
#.#.#.#.#.#.#....##... #
.#.#.#.#.#....##.# .#
#.#.#.#.#.#...##.# ...
.#.#.#.#.#....##.# ...
#.#.#.#.#.#.#..#.# ..
.#.#.#.#.#+#)#...#.##.##
#.#.#.#.#.......@OJ.....
.#.#.#.#+........#......
#.#.#.#.#........# .....
.#.#.#.#.........# ....
#########........# ...
#.....#### ## #######


You could see an ogre and an endoplasm.

Vanquished Creatures
  A howler monkey (D:4)
  4 crimson imps (D:3)
  A hound (D:3)
  A jelly (D:4)
  Jessica (D:2)
  An orc wizard (D:4)
  6 adders
  2 orcs (D:4)
  4 endoplasms
  4 giant cockroaches
  7 goblins
  9 hobgoblins
  9 kobolds
  2 quokkas
  9 ball pythons
  7 bats
  4 frilled lizards
  8 rats
80 creatures vanquished.

Notes
Turn   | Place    | Note
-------+----------+-------------------------------------------
     0 | D:1      | qw the Deep Elf Hunter began the quest for the Orb.
     0 | D:1      | Reached XP level 1. HP: 12/12 MP: 3/3
     0 | D:1      | 0 ||| qw: Version: 0.3-a-9-g12657ce
     0 | D:1      | 0 ||| qw: Game counter: 3511
     0 | D:1      | 0 ||| qw: Always use a shield: true
     0 | D:1      | 0 ||| qw: God list: Okawaru
     0 | D:1      | 0 ||| qw: Allow faded altars: false
     0 | D:1      | 0 ||| qw: Do Orc after D:15 true
     0 | D:1      | 0 ||| qw: Do second Lair branch before Depths: true
     0 | D:1      | 0 ||| qw: Lair rune preference: random
     0 | D:1      | 0 ||| qw: Plans: Normal
     0 | D:1      | 0 ||| PLANNING D:1-11
    86 | D:1      | Reached skill level 6 in Ranged Weapons
    86 | D:1      | Reached XP level 2. HP: 16/16 MP: 4/4
   313 | D:1      | Reached XP level 3. HP: 20/20 MP: 5/5
   493 | D:1      | 493 ||| UPGRADING to +0 scale mail.
   503 | D:1      | 503 ||| DROPPING +0 leather armour.
   504 | D:1      | 504 ||| UPGRADING to ring of positive energy.
   505 | D:1      | 505 ||| READING scroll labelled PYSKIXYRCHO.
   505 | D:1      | Identified a scroll of acquirement
   505 | D:1      | 505 ||| ACQUIRING 930 gold pieces
   505 | D:1      | Acquired 930 gold pieces
   507 | D:1      | 507 ||| READING scroll labelled LUANAN FANLA.
   508 | D:1      | 508 ||| DRINKING 2 metallic coppery potions.
   509 | D:1      | 509 ||| DROPPING scroll of butterflies.
   510 | D:1      | 510 ||| DROPPING potion of invisibility.
   531 | D:2      | 531 ||| STAIRDANCE
   789 | D:2      | Reached skill level 7 in Ranged Weapons
   919 | D:2      | Noticed Jessica
   931 | D:2      | HP: 5/20 [Jessica/+1 dagger of holy wrath (5)]
   932 | D:2      | Killed Jessica
   933 | D:2      | Reached XP level 4. HP: 7/25 MP: 6/6
   945 | D:2      | 945 ||| FLEEEEING.
   947 | D:2      | 947 ||| FLEEEEING.
   948 | D:2      | 948 ||| FLEEEEING.
   949 | D:2      | 949 ||| FLEEEEING.
   951 | D:2      | 951 ||| FLEEEEING.
   952 | D:2      | 952 ||| FLEEEEING.
   953 | D:2      | 953 ||| FLEEEEING.
   954 | D:2      | 954 ||| FLEEEEING.
   955 | D:2      | 955 ||| FLEEEEING.
   956 | D:2      | 956 ||| FLEEEEING.
   957 | D:2      | 957 ||| FLEEEEING.
   958 | D:2      | 958 ||| FLEEEEING.
   959 | D:2      | 959 ||| FLEEEEING.
   960 | D:2      | 960 ||| FLEEEEING.
   961 | D:2      | 961 ||| FLEEEEING.
   962 | D:2      | 962 ||| FLEEEEING.
   965 | D:2      | 965 ||| FLEEEEING.
   966 | D:2      | 966 ||| STAIRDANCE
  1013 | D:1      | 1013 ||| UPGRADING to +0 ring mail.
  1023 | D:1      | 1023 ||| UPGRADING to +1 hat.
  1028 | D:1      | 1028 ||| DROPPING +0 scale mail.
  1029 | D:1      | 1029 ||| READING scroll labelled NURGHUA XURHYIR.
  1030 | D:1      | 1030 ||| READING scroll labelled MEDGHO ZEDD.
  1031 | D:1      | 1031 ||| READING scroll labelled NUARPHIOTAR.
  1032 | D:1      | 1032 ||| READING 3 scrolls labelled XUWNANW JIKHLIL.
  1033 | D:1      | 1033 ||| DROPPING 2 scrolls of vulnerability.
  1157 | D:2      | 1157 ||| UPGRADING to +2 robe of resistance.
  1439 | D:3      | Reached skill level 8 in Ranged Weapons
  1501 | D:3      | Found a shimmering altar of Xom.
  1513 | D:3      | Reached skill level 3 in Dodging
  1513 | D:3      | Reached XP level 5. HP: 29/29 MP: 7/7
  1642 | D:3      | Reached skill level 9 in Ranged Weapons
  1931 | D:3      | Reached XP level 6. HP: 35/35 MP: 8/8
  2040 | D:3      | Found a sacrificial altar of Ru.
  2056 | D:3      | 2056 ||| DRINKING 3 cyan potions.
  2101 | D:3      | 2101 ||| DROPPING 2 potions of lignification.
  2230 | D:4      | Found Kobit's Overcharged Wands.
  2242 | D:4      | 2242 ||| BUYING wand of digging (11) (693 gold).
  2242 | D:4      | Bought a wand of digging (11) for 693 gold pieces
  2242 | D:4      | 2242 ||| SHOPLISTING wand of digging (11) (693 gold, have
                  | 372).
  2360 | D:4      | Found a runed translucent door.
  2360 | D:4      | Noticed qw's ghost (amateur DEHu)
  2414 | D:4      | 2414 ||| FLEEEEING.
  2415 | D:4      | 2415 ||| FLEEEEING.
  2416 | D:4      | 2416 ||| STAIRDANCE
  2450 | D:3      | 2450 ||| UPGRADING to ring of protection from cold.
  2451 | D:3      | 2451 ||| UPGRADING to ring of protection from fire.
  2453 | D:3      | 2453 ||| READING scroll labelled FIALUEVIQE.
  2554 | D:3      | 2554 ||| READING scroll labelled RERANOECEI.
  2555 | D:3      | 2555 ||| READING scroll labelled ARANED COHOCSENG.
  2558 | D:3      | 2558 ||| READING 2 scrolls of identify.
  2558 | D:3      | 2558 ||| IDENTIFYING purple potion
  2595 | D:4      | HP: 8/35 [ogre/+0 giant spiked club (27)]
  2597 | D:4      | Slain by an ogre

Levels and vault maps discovered:
D:1:      eino_arrival_cavern_b, layout_rooms, corner_web_ring,
          minmay_close_crescents
D:2:      layout_rooms, uniq_jessica
D:3:      layout_loops_ring, led_xom_imps, nicolae_ru_the_path_less_chosen
D:4:      layout_basic, tso_altar, gammafunk_ghost_grave, grunt_ministairs_2,
          nicolae_shop_overcharged_wands

Skill      XL: |  1  2  3  4  5 |
---------------+----------------+-----
Ranged Weapons | 6 7 8 9 |  9.9
Dodging        | 3 |  3.3
Fighting       | 2 |  2.1
Stealth        | |  1.2

Action                     |  1- 3 |  4- 6 || total
---------------------------+-------+-------++-------
   Fire: Shortbow          |   128 |   173 ||   301
    Use: Scroll            |     2 |     8 ||    10
         Potion            |     1 |     1 ||     2
 Armour: Leather armour    |     9 |       ||     9
         Scale mail        |    11 |     4 ||    15
         Robe              |       |    28 ||    28
         Ring mail         |       |     2 ||     2
  Dodge: Dodged            |    32 |    67 ||    99

Table legend:
 A = Non-vault XP
 B = Vault XP
 C = Vault XP percentage of total XP
 D = Non-vault monster count
 E = Vault monster count
 F = Vault count percentage of total count
                 A         B        C        D         E       F
            +---------+---------+-------+---------+---------+-------
      Total |     351 |     241 |  40.7 |      69 |      11 |  13.8
            +---------+---------+-------+---------+---------+-------
        D:1 |      37 |       7 |  15.9 |      24 |       4 |  14.3
        D:2 |      41 |      37 |  47.4 |      17 |       1 |   5.6
        D:3 |      88 |     194 |  68.8 |      16 |       4 |  20.0
        D:4 |     185 |       3 |   1.6 |      12 |       2 |  14.3
            +---------+---------+-------+---------+---------+-------
